 Dungeon Crawl Stone Soup version 0.29-a0-187-ga23d9638d5 (webtiles) character file.

Game seed: 4619413616902853459

98 cyrus the Chopper (level 4, 0/40 HPs)
             Began as a Hill Orc Fighter on Feb 21, 2022.
             Succumbed to a gnoll's poison
             ... on level 2 of the Dungeon.
             The game lasted 00:02:06 (1615 turns).

cyrus the Chopper (Hill Orc Fighter)                Turns: 1615, Time: 00:02:07

Health: 0/40       AC:  7    Str: 18    XL:     4   Next: 71%
Magic:  4/4        EV:  9    Int: 10    God:
Gold:   87         SH:  4    Dex: 10    Spells: 3/3 levels left

rFire   . . .      SeeInvis .   a - +0 war axe
rCold   . . .      Faith    .   c - +0 buckler
rNeg    . . .      Spirit   .   b - +0 scale mail
rPois   .          Reflect  .   (no helmet)
rElec   .          Harm     .   (no cloak)
rCorr   .          Rampage  .   (no gloves)
Will    .....                   (no boots)
Stlth   ..........              (no amulet)
HPRegen 0.13/turn               (no ring)
MPRegen 0.09/turn               (no ring)

@: mighty, lethally poisoned (0 -> -4)
A: no striking features
a: no special abilities


You were on level 2 of the Dungeon.
You visited 1 branch of the dungeon, and saw 2 of its levels.

You collected 87 gold pieces.

Inventory:

Hand Weapons
 a - a +0 war axe (weapon)
Missiles
 m - 3 curare-tipped darts (quivered)
Armour
 b - a +0 scale mail (worn)
 c - a +0 buckler (worn)
Jewellery
 f - a ring of protection from fire
Scrolls
 g - a scroll of enchant armour {unknown}
 h - 3 scrolls of teleportation {unknown}
 i - a scroll of blinking {unknown}
 j - a scroll of identify {unknown}
 k - a scroll of magic mapping {unknown}
 n - a scroll of fog {unknown}
Potions
 e - a potion of heal wounds {unknown}
 l - a potion of curing {unknown}
 o - 2 potions of flight {unknown}


   Skills:
 + Level 4.2 Fighting
 + Level 4.5 Axes
 + Level 4.0 Armour
 + Level 0.2 Dodging
 + Level 0.1 Stealth
 + Level 3.8 Shields


You had 3 spell levels left.
You didn't know any spells.
Your spell library was empty.

Dungeon Overview and Level Annotations

Branches:
Dungeon (2/15)

Altars:


Message History

You feel sick.
You see here a scorpion corpse.
You feel sick.
You start resting.
You feel sick.
You are no longer poisoned.
You start resting.
You hear a shout! x3
A gnoll comes into view. It is wielding a +0 spear of venom.
A gnoll is nearby!
A gnoll is nearby!
A gnoll is nearby!
A gnoll is nearby!
You see here a scorpion corpse.
The gnoll barely misses you.
You barely miss the gnoll.
The gnoll hits you with a +0 spear of venom.
You slash the gnoll!
The gnoll is almost dead.
The gnoll hits you with a +0 spear of venom.
* * * LOW HITPOINT WARNING * * *
You are lethally poisoned!
You slash the gnoll!
You kill the gnoll!
* * * LOW HITPOINT WARNING * * *
You feel very sick.
A giant cockroach comes into view.
Your Armour skill increases to level 4!
Unknown command.
* * * LOW HITPOINT WARNING * * *
You feel sick.
You see here a scorpion corpse.
There is a lethal amount of poison in your body!
There is a lethal amount of poison in your body!
There is a lethal amount of poison in your body!
There is a lethal amount of poison in your body!
* * * LOW HITPOINT WARNING * * *
You feel sick.
* * * LOW HITPOINT WARNING * * *
You feel sick.
You die...

### ##.##
##.#.##
#########.###.##
.......<.## ##.#
##.######.###.##
# #@#.## .##
##.###...#
#.†.)..#
#####.#.... #


B There were no monsters in sight!

Vanquished Creatures
  A scorpion (D:2)
  A gnoll (D:2)
  A dart slug (D:1)
  A bat (D:1)
  2 endoplasms
  3 goblins (D:1)
  2 hobgoblins (D:1)
  2 jackals (D:1)
  5 kobolds (D:1)
  2 quokkas (D:1)
  A ball python (D:1)
  3 rats (D:1)
24 creatures vanquished.

Vanquished Creatures (others)
  2 demonic plants (D:2)
  2 withered plants (D:2)
4 creatures vanquished.

Grand Total: 28 creatures vanquished

Notes
Turn   | Place    | Note
-------+----------+-------------------------------------------
     0 | D:1      | cyrus the Hill Orc Fighter began the quest for the Orb.
     0 | D:1      | Reached XP level 1. HP: 19/19 MP: 1/1
   103 | D:1      | Reached XP level 2. HP: 18/27 MP: 2/2
  1173 | D:1      | Reached XP level 3. HP: 33/33 MP: 3/3
  1575 | D:2      | Noticed a scorpion
  1581 | D:2      | Killed a scorpion
  1582 | D:2      | Reached XP level 4. HP: 17/40 MP: 4/4
  1613 | D:2      | HP: 2/40 [poisoned by a gnoll]
  1615 | D:2      | Succumbed to a gnoll's poison

Illustrated notes

Levels and vault maps discovered:
D:1:      grunt_arrival_lava_bath, layout_loops_ring, nicolae_figureground_pulse
D:2:      layout_loops_corners, shapermc_ecumenical_altar_gd

Skill      XL: |  1  2  3  4 |
---------------+-------------+-----
Fighting       | 4 |  4.2
Axes           | 3 4 |  4.5
Armour         | 4 |  4.0
Dodging        | |  0.2
Stealth        | |  0.1
Shields        | |  3.8

Action                   |  1- 3 |  4- 6 || total
-------------------------+-------+-------++-------
Melee: War axe           |    54 |     4 ||    58
Throw: Dart              |     1 |       ||     1
  Use: Potion            |     1 |       ||     1
Armor: Scale mail        |    35 |       ||    35
Dodge: Dodged            |    31 |     1 ||    32
Block: Buckler           |    18 |       ||    18

Table legend: (Time is in decaauts)
 A = Elapsed time spent in this place.
 B = Non-inter-level travel time spent in this place.
 C = Inter-level travel time spent in this place.
 D = Time resting spent in this place.
 E = Time spent auto-exploring this place.
 F = Levels seen in this place.
 G = Mean time per level.
                   A        B        C        D        E       F      G
               +--------+--------+--------+--------+--------+-----+--------+
         Total |   1638 |   1634 |      4 |    776 |    626 |   2 |  819.0 |
       Dungeon |   1638 |   1634 |      4 |    776 |    626 |   2 |  819.0 |
               +--------+--------+--------+--------+--------+-----+--------+

Top non-repeatable levels by time:
     D:1: 1584 daAuts
     D:2: 53 daAuts
